cohdb
Replays
Latest Replays
All Replays
Popular Replays
Top Player Replays
Match Explorer
How It Works
Community
CoH3 Stats
Reddit
Sign in to upload your games and track your stats! →
Sign in with Steam
Match 43583414
Unlisted
Match 43583414
Overview
Messages
Build Orders
End
Engineer Squad
Construct Weapon Support Center
Construct Barracks
Selects Armored Battlegroup
Selects Veteran Crews
Selects Veteran Crews
1⁄4-ton 4x4 Truck
Riflemen Squad
Riflemen Squad
Construct Medical Station
Grenade Package
Riflemen Squad
Construct Weapon Support Center
Mechanized Support Center
Engineer Squad
Construct Motor Pool
M24 Chaffee Light Tank
Improvised Armor
Designate Forward Repair Station
Riflemen Squad
Selects Field Repairs
Selects War Machine
M1 Anti-tank Gun Team
Construct Tank Depot
M4A1 Sherman Medium Tank
M1 Anti-tank Gun Team
M4A1 Sherman Medium Tank
Selects Strength in Steel
Selects Seek and Destroy
M4A1 Sherman Medium Tank
Salvage Crew
Engineer Squad
M18 Hellcat Tank Destroyer
M18 Hellcat Tank Destroyer
M18 Hellcat Tank Destroyer
M18 Hellcat Tank Destroyer
Riflemen Squad
M18 Hellcat Tank Destroyer
M18 Hellcat Tank Destroyer
Field Repairs
JEFG
Seocheon
Otto Skorzeny
[L2P]BartonPL
0
0
Comments
sign in to comment!
No comments posted yet!